 Dungeon Crawl Stone Soup version 0.28.0-53-g5a82cb258f (webtiles) character file.

Game seed: 7701195361451765421

107 LynnLen the Sneak (level 4, -1/30 HPs)
             Began as a Vampire Enchanter on Aug 8, 2022.
             Slain by an orc
             ... wielding a +0 flail
              (9 damage)
             ... on level 3 of the Dungeon.
             The game lasted 00:07:03 (2331 turns).

LynnLen the Sneak (Vampire Enchanter)               Turns: 2331, Time: 00:07:04

Health: -1/30      AC:  4    Str:  7    XL:     4   Next: 56%
Magic:  6/7        EV: 11    Int: 17    God:
Gold:   60         SH:  0    Dex: 16    Spells: 4/7 levels left

rFire   . . .      SeeInvis +   a - +1 dagger
rCold   . . .      Faith    .   (no shield)
rNeg    . . .      Spirit   .   j - +0 leather armour
rPois   .          Reflect  .   h - +0 helmet
rElec   .          Harm     .   (no cloak)
rCorr   .          Rampage  .   (no gloves)
Will    .....                   (no boots)
Stlth   +++.......              (no amulet)
HPRegen 0.30/turn               (no ring)
MPRegen 0.10/turn               (no ring)

@: healing quickly
A: alive, fangs 3, see invisible, vampiric 2
a: Exsanguinate


You were on level 3 of the Dungeon.
You visited 1 branch of the dungeon, and saw 3 of its levels.

You collected 60 gold pieces.

Inventory:

Hand Weapons
 a - a +1 dagger (weapon)
Missiles
 d - 3 poisoned darts
 i - 113 stones
 l - 6 atropa-tipped darts
Armour
 b - a +0 robe
 h - a +0 helmet (worn)
 j - a +0 leather armour (worn)
Scrolls
 c - a scroll of amnesia {unknown}
 f - 2 scrolls of holy word {unknown}
 g - a scroll of blinking {unknown}
Potions
 e - a potion of brilliance {unknown}
 k - a potion of flight


   Skills:
 * Level 4.0 Short Blades
 - Level 2.1 Dodging
 + Level 6.0 Stealth
 - Level 2.0 Spellcasting
 - Level 4.4 Hexes


You had 4 spell levels left.
You knew the following spells:

 Your Spells              Type           Power      Damage    Failure   Level
a - Confusing Touch       Hex            16%        N/A       14%         3

Your spell library contained the following spells:

 Spells                   Type           Power      Damage    Failure   Level
 Tukima's Dance           Hex            16%        N/A       14%         3
 Ensorcelled Hibernation  Hex/Ice        18%        N/A       19%         2
 Foxfire                  Conj/Fire      4%         2x1d4     28%         1
 Dazzling Flash           Conj/Hex       18%        N/A       34%         3
 Inner Flame              Hex/Fire       9%         N/A       34%         3
 Blink                    Tloc           2%         N/A       41%         2
 Conjure Flame            Conj/Fire      1%         6-21      65%         3
 Lesser Beckoning         Tloc           1%         N/A       65%         3
 Flame Wave               Conj/Fire      1%         2d4       96%         4
 Manifold Assault         Tloc           1%         N/A       100%        5


Dungeon Overview and Level Annotations

Branches:
Dungeon (3/15)

Altars:

Annotations:
D:2 1 runed translucent door, Crazy Yiuf


Innate Abilities, Weirdness & Mutations

Your natural rate of healing is accelerated.
You have razor-sharp teeth.
You have supernaturally acute eyesight. (SInv)
You are afflicted with vampirism and can become a bat while bloodless.


Message History

The orc wizard hits you with a +0 dagger.
You hit the orc wizard but do no damage.
You bite the orc wizard.
The orc wizard is almost dead.
The orc wizard closely misses the orc.
You hit the orc wizard.
You kill the orc wizard!
Your Short Blades skill increases to level 4!
Your Stealth skill increases to level 6!
You hit the orc but do no damage. You bite the orc, but do no damage.
The orc closely misses you.
You closely miss the orc. The orc barely misses you.
You hit the orc.
The orc is moderately wounded.
The orc barely misses you.
You closely miss the orc.
The orc is moderately wounded.
You completely miss the orc.
The orc is moderately wounded.
The orc hits you with a +0 flail.
You hit the orc but do no damage. You bite the orc.
The orc is moderately wounded.
The orc closely misses you.
You hit the orc but do no damage.
The orc is moderately wounded.
The orc barely misses you.
You hit the orc but do no damage. Your bite misses the orc.
The orc is moderately wounded.
The orc closely misses you.
You hit the orc.
The orc is heavily wounded.
You hit the orc but do no damage. Your bite misses the orc.
The orc is heavily wounded.
The orc hits you with a +0 flail!
* * * LOW HITPOINT WARNING * * *
The orc shouts!
You hit the orc. You punch the orc, but do no damage.
The orc is severely wounded.
The orc hits you with a +0 flail!
You die...

#. . #.######..##
#...<.......
##†....#####
#.###.# #.# .# #.#
# #.# #@#
############ #o#
.....o.....# #.#
##########.#####o#
#...o...#
#########


You could see 2 orcs.

Vanquished Creatures
  An orc wizard (D:3)
  3 adders (D:2)
  A worm (D:2)
  2 dart slugs
  An orc (D:3)
  14 ball pythons
  An endoplasm (D:1)
  2 giant cockroaches
  8 hobgoblins
  4 jackals (D:2)
  3 kobolds (D:1)
  A quokka (D:1)
  2 frilled lizards
  3 rats
46 creatures vanquished.

Notes
Turn   | Place    | Note
-------+----------+-------------------------------------------
     0 | D:1      | LynnLen the Vampire Enchanter began the quest for the Orb.
     0 | D:1      | Reached XP level 1. HP: 13/13 MP: 3/3
   250 | D:1      | Reached XP level 2. HP: 19/19 MP: 5/5
   762 | D:1      | Reached skill level 5 in Stealth
  1152 | D:2      | Gained mutation: You are afflicted with vampirism and can
                  | become a bat while bloodless. [Vampire growth]
  1152 | D:2      | Reached XP level 3. HP: 21/24 MP: 6/6
  1290 | D:2      | Learned a level 3 spell: Confusing Touch
  1503 | D:1      | Reached XP level 4. HP: 28/30 MP: 7/7
  1991 | D:2      | Found a runed translucent door.
  1992 | D:2      | Noticed Crazy Yiuf
  2321 | D:3      | Reached skill level 6 in Stealth
  2331 | D:3      | Slain by an orc

Illustrated notes

Levels and vault maps discovered:
D:1:      amcnicky_arrival_abandoned_market, layout_loops_cross
D:2:      layout_rooms, glass_columns_a, minmay_misc_feat_pillars,
          uniq_crazy_yiuf_cottage
D:3:      layout_loops_ring, uniq_robin

Skill      XL: |  1  2  3  4 |
---------------+-------------+-----
Short Blades   | 2 3 4 |  4.0
Stealth        | 5 6 |  6.0
Dodging        | |  2.1
Spellcasting   | |  2.0
Hexes          | |  4.4

Action                   |  1- 3 |  4- 6 || total
-------------------------+-------+-------++-------
Melee: Dagger            |   137 |    55 ||   192
       Bite              |    14 |     8 ||    22
       Punch             |     1 |     1 ||     2
 Cast: Confusing Touch   |       |     2 ||     2
  Use: Scroll            |     3 |       ||     3
       Potion            |     2 |       ||     2
 Stab: Sleeping          |    12 |     2 ||    14
       Invisible         |     3 |       ||     3
       Confused          |       |     2 ||     2
Armor: Robe              |     7 |       ||     7
       Leather armour    |    25 |     7 ||    32
Dodge: Dodged            |    81 |    23 ||   104
